 Dungeon Crawl Stone Soup version 0.26-a0-649-gf8c6c3aab7 (webtiles) character file.

Game seed: 2245176393808032626

286 DogServant the Bolt Thrower (level 6, -4/38 HPs)
             Began as a Kobold Arcane Marksman on Sept 27, 2020.
             Slain by an orc
             ... wielding a +0 mace
              (6 damage)
             ... on level 4 of the Dungeon.
             The game lasted 00:10:14 (4791 turns).

DogServant the Bolt Thrower (KoAM)                  Turns: 4791, Time: 00:10:14

Health: -4/38      AC:  3    Str:  7    XL:     6   Next: 56%
Magic:  7/7        EV: 15    Int: 14    God:
Gold:   128        SH:  0    Dex: 18    Spells: 1/7 levels left

rFire    . . .     SeeInvis +   a - +0 hand crossbow
rCold    . . .     Faith    .   (shield restricted)
rNeg     . . .     Spirit   .   e - +1 robe
rPois    .         Reflect  .   (no helmet)
rElec    .         Harm     .   (no cloak)
rCorr    .         Rampage  .   (no gloves)
MR       +....                  (no boots)
Stlth    +++.......             (no amulet)
HPRegen  0.12/turn              l - ring of protection from magic
MPRegen  0.10/turn              b - ring of see invisible

@: no status effects
A: small, nightstalker 3
a: no special abilities


You were on level 4 of the Dungeon.
You visited 1 branch of the dungeon, and saw 4 of its levels.

You collected 128 gold pieces.

Inventory:

Hand Weapons
 a - a +0 hand crossbow (weapon)
 k - a +0 hunting sling
 q - a +1 dagger of speed
Missiles
 d - 6 bolts (quivered)
 f - 17 sling bullets
 o - 16 poisoned darts
Armour
 e - a +1 robe (worn)
Jewellery
 b - a ring of see invisible (right hand)
 g - an uncursed ring of ice
 l - a ring of protection from magic (left hand)
Scrolls
 c - 4 scrolls of identify
 i - a scroll of fog {unknown}
 m - 3 scrolls of remove curse
 n - a scroll of blinking
 p - a scroll of magic mapping {unknown}
 r - a scroll of enchant weapon {unknown}
Potions
 h - a potion of lignification {unknown}
 j - a potion of might


   Skills:
 - Level 3.6 Fighting
 + Level 4.8 Crossbows
 + Level 2.5 Dodging
 - Level 1.1 Spellcasting
 + Level 4.7 Hexes
 + Level 0.0 Translocations


You had one spell level left.
You knew the following spells:

 Your Spells              Type           Power        Failure   Level
a - Corona                Hex            ##.....      3%          1
b - Slow                  Hex            ##......     5%          2
c - Portal Projectile     Hex/Tloc       #.....       30%         3

Your spell library contained the following spells:

 Spells                   Type           Power        Failure   Level
 Inner Flame              Hex/Fire       #.......     30%         3
 Cause Fear               Hex            ##........   36%         4
 Leda's Liquefaction      Hex/Erth       #.........   69%         4


Dungeon Overview and Level Annotations

Branches:
Dungeon (4/15)
 Temple: D:4-7

Altars:

Annotations:
D:3 1 runed translucent door


Innate Abilities, Weirdness & Mutations

You are small and have problems with some larger weapons.
You are completely attuned to the shadows.


Message History

Aim: an orc priest, wielding a +0 whip and wearing a +0 ring mail (moderately wounded)
You shoot a bolt. The bolt hits the orc priest.
The orc priest is moderately wounded.
The orc misses you. The orc priest barely misses you.
Firing (i - inventory. (/) - cycle)
d - 8 bolts (quivered)
Press: ? - help, Shift-Dir - straight line, f/p - orc priest
Aim: an orc priest, wielding a +0 whip and wearing a +0 ring mail (moderately wounded)
You shoot a bolt. The bolt hits the orc priest.
The orc priest is severely wounded.
The orc priest calls down the wrath of Beogh upon you.
Beogh smites you!
* * * LOW HITPOINT WARNING * * *
The orc barely misses you.
The orc priest casts a cantrip, but nothing happens.
Firing (i - inventory. (/) - cycle)
d - 7 bolts (quivered)
Press: ? - help, Shift-Dir - straight line, f/p - orc priest
Aim: an orc priest, wielding a +0 whip and wearing a +0 ring mail (severely wounded)
You shoot a bolt. The bolt closely misses the orc priest.
The orc hits you with a +0 mace.
You die...

..........
......(((..
.......#
......###.
##....#...
##.......
##.(......
..####.........
#...@o(.(......
#...)o....####.
.........##
........##
.......#####.
#.............
#........####.
#.....†.##
##.......#


You could see an orc priest and an orc.

Vanquished Creatures
  Sigmund (D:2)
  3 adders
  3 gnolls (D:3)
  An ooze (D:2)
  2 worms
  3 dart slugs
  A leopard gecko (D:1)
  3 orcs
  A giant cockroach (D:2)
  11 goblins
  7 hobgoblins
  3 jackals (D:3)
  A quokka (D:2)
  A ball python (D:2)
  5 bats
  2 frilled lizards
  11 kobolds
  9 rats
68 creatures vanquished.

Notes
Turn   | Place    | Note
-------+----------+-------------------------------------------
     0 | D:1      | DogServant the Kobold Arcane Marksman began the quest for
                  | the Orb.
     0 | D:1      | Reached XP level 1. HP: 12/12 MP: 2/2
   181 | D:1      | Reached XP level 2. HP: 16/16 MP: 3/3
  1171 | D:2      | Reached XP level 3. HP: 16/20 MP: 4/4
  1863 | D:2      | Noticed Sigmund
  1880 | D:2      | Killed Sigmund
  1880 | D:2      | Reached XP level 4. HP: 6/28 MP: 5/5
  1880 | D:2      | Reached XP level 5. HP: 7/32 MP: 6/6
  1880 | D:2      | Reached XP level 6. HP: 9/37 MP: 7/7
  3543 | D:3      | Learned a level 2 spell: Slow
  3547 | D:3      | Learned a level 3 spell: Portal Projectile
  4392 | D:3      | Found a runed translucent door.
  4791 | D:4      | Slain by an orc

Illustrated notes

Levels and vault maps discovered:
D:1:      dpeg_arrival_more_subterranean_lakeside_camping, layout_basic,
          kennysheep_decorative_pillar, st_stairs_9
D:2:      layout_loops_cross, minmay_fractal_squares_gapless_5, uniq_sigmund
D:3:      layout_basic, ebering_ghost_reflecting_pool, minmay_quadrilaterals
D:4:      layout_layer_cave, serial_bayou, serial_bayou_lake_a,
          serial_bayou_lagoon_a, serial_bayou_shore_a, serial_bayou_shore_b,
          st_stairs_13, uniq_blork_the_orc

Skill      XL: |  1  2  3 |
---------------+----------+-----
Crossbows      | 3 4 |  4.8
Fighting       | 3 |  3.6
Hexes          | 4 |  4.7
Dodging        | |  2.5
Spellcasting   | |  1.1

Action                   |  1- 3 |  4- 6 || total
-------------------------+-------+-------++-------
Melee: Dagger            |    62 |    86 ||   148
 Fire: Hand crossbow     |    60 |    28 ||    88
       Hunting sling     |       |    54 ||    54
 Cast: Corona            |     7 |     6 ||    13
       Slow              |       |     2 ||     2
  Use: Potion            |     1 |       ||     1
       Scroll            |       |     6 ||     6
 Stab: Sleeping          |     6 |     3 ||     9
Armor: Robe              |     3 |    24 ||    27
Dodge: Dodged            |    50 |   109 ||   159

Table legend: (Time is in decaauts)
 A = Elapsed time spent in this place.
 B = Non-inter-level travel time spent in this place.
 C = Inter-level travel time spent in this place.
 D = Time resting spent in this place.
 E = Time spent auto-exploring this place.
 F = Levels seen in this place.
 G = Mean time per level.
                   A        B        C        D        E       F      G
               +--------+--------+--------+--------+--------+-----+--------+
         Total |   4816 |   4680 |    136 |   1025 |   2874 |   4 | 1204.0 |
       Dungeon |   4816 |   4680 |    136 |   1025 |   2874 |   4 | 1204.0 |
               +--------+--------+--------+--------+--------+-----+--------+

Top non-repeatable levels by time:
     D:2: 2245 daAuts
     D:3: 1324 daAuts
     D:1: 1158 daAuts
     D:4: 88 daAuts
